 Dungeon Crawl Stone Soup version 0.31-a0-640-g39d97e502b (webtiles) character file.

Game seed: 18423267363558757715

3050 mandarbmax the Trooper (level 9, -1/118 HPs)
             Began as a Purple Draconian Monk on Aug 27, 2023.
             Was an Elder of Okawaru.
             Slain by a steam dragon (8 damage)
             ... on level 7 of the Dungeon.
             The game lasted 00:18:21 (6453 turns).

mandarbmax the Trooper (Purple Draconian Monk)      Turns: 6453, Time: 00:18:22

Health: -1/118     AC: 28    Str: 13    XL:     9   Next: 57%
Magic:  10/12      EV:  2    Int: 12    God:    Okawaru [****..]
Gold:   291        SH:  0    Dex: 17    Spells: 8/8 levels left

rFire   . . .        q - +0 long sword (chaos)
rCold   . . .        c - orb {light}
rNeg    . . .        (body armour unavailable)
rPois   +            (helmet currently unavailable)
rElec   .            (cloak currently unavailable)
rCorr   .            (gloves currently unavailable)
SInv    .            (boots currently unavailable)
Will    +....        (no amulet)
Stlth   +            t - +4 ring of protection
HPRegen 0.39/turn    y - ring of Hyceddok {Fly rPois Slay+2}
MPRegen 0.13/turn

%: no passive effects
@: tree-form, heroic, glowing
A: stationary, stasis, torment immunity, boosted hp, (breathe power), AC +7,
unfitting armour, (cold-blooded)
a: Renounce Religion, Heroism, Finesse


You were on level 7 of the Dungeon.
You worshipped Okawaru.
Okawaru was greatly pleased with you.
You were a tree.
You visited 2 branches of the dungeon, and saw 9 of its levels.

You collected 291 gold pieces.

Inventory:

Hand Weapons
 q - a +0 long sword of chaos (weapon)
 B - a +0 scimitar
Missiles
 C - 2 curare-tipped darts
 H - an atropa-tipped dart
Armour
 c - an orb of light (worn)
Jewellery
 h - a ring of protection from cold
 m - a ring of resist corrosion
 t - a +4 ring of protection (left branch)
 y - the ring of Hyceddok (right branch) {Fly rPois Slay+2}
   (You found it on level 5 of the Dungeon)

   [ring of flight]

   Slay+2:    It affects your accuracy & damage with ranged weapons and melee
   (+2).
   rPois:     It protects you from poison Fly: It grants you flight.
Talismans
 A - a maw talisman
Wands
 f - a wand of mindburst (12)
 D - a wand of flame (17)
Scrolls
 i - 2 scrolls of poison
 l - a scroll of enchant weapon {unknown}
 p - 2 scrolls of vulnerability
 r - a scroll of fear {unknown}
 s - a scroll of silence {unknown}
 u - a scroll of immolation {unknown}
 w - a scroll of fog {unknown}
 z - a scroll of blinking {unknown}
 E - a scroll of butterflies {unknown}
Potions
 a - 2 potions of degeneration {unknown}
 b - a potion of ambrosia
 d - 2 potions of mutation
 g - 2 potions of invisibility {unknown}
 n - a potion of magic {unknown}
 o - 2 potions of heal wounds {unknown}
 v - a potion of cancellation {unknown}
 x - 2 potions of haste {unknown}
 F - a potion of resistance {unknown}


   Skills:
 + Level 7.0(12.0) Fighting
 - Level 1.7(9.3) Short Blades
 * Level 6.4(11.5) Long Blades
 - Level 3.0(8.0) Polearms
 + Level 4.2(9.2) Throwing
 + Level 5.6(10.6) Dodging
 + Level 4.3 Invocations
 * Level 4.8 Shapeshifting


You had 8 spell levels left.
You didn't know any spells.
Your spell library contained the following spells:

 Spells                   Type           Power      Damage    Failure   Level
 Dazzling Flash           Conj/Hex       0%         N/A       69%         3
 Agony                    Necr           0%         N/A       100%        5
 Silence                  Hex/Air        0%         N/A       100%        5


Dungeon Overview and Level Annotations

Branches:
Dungeon (8/15)             Temple (1/1) D:4
   Lair: D:8-11

Altars:
Cheibriados
Dithmenos
Elyvilon
Fedhas
Gozag
Hepliaklqana
Kikubaaqudgha
Makhleb
Nemelex Xobeh
Okawaru
Qazlal
Ru
Trog
Uskayaw
Vehumet
Wu Jian
Xom
Yredelemnul
Zin
The Shining One

Annotations:
D:4 3 runed translucent doors, justen's ghost, weakling MeSh
D:6 2 transporters, Stellion's ghost, novice DECj


Innate Abilities, Weirdness & Mutations

You are a tree.
Your roots penetrate the ground, keeping you stationary.
You cannot be teleported.
You are immune to unholy pain and torment.
Your maximum health is greatly increased.
Your equipment is partially melded.
((You can breathe bolts of dispelling energy.))
((Your rich purple scales are hard. (AC +7)))
You cannot fit into any form of body armour.
((You are cold-blooded and may be slowed by cold attacks.))


Message History

The orc warrior barely misses you. The steam dragon closely misses you.
The steam dragon claws you but does no damage.
You slash the orc warrior!
Your tail-slap misses the orc warrior.
The orc warrior is heavily wounded.
The orc warrior hits you but does no damage.
The steam dragon breathes steam at you. The ball of steam hits you!!
The orc warrior hits you but does no damage.
You hear a shout!
You gain the combat prowess of a mighty hero.
You are engulfed in a cloud of scalding steam.
A hound comes into view.
The steam dragon completely misses you. The steam dragon misses you.
The orc warrior hits you with a +0 trident.
The hound moves out of view.
The steam dragon closely misses you.
The steam dragon claws you but does no damage.
The orc warrior barely misses you.
You hit the orc warrior.
The orc warrior is severely wounded.
The steam dragon bites you!
* * * LOW HITPOINT WARNING * * *
The steam dragon closely misses you.
Unknown command.
As you read the scroll labelled VUMONASEJI, it crumbles to dust.
It is a scroll of brand weapon.
Your +0 long sword erupts in a glittering mayhem of colour.
q - a +0 long sword of chaos (weapon)
You are engulfed in a cloud of scalding steam.
* * * LOW HITPOINT WARNING * * *
The orc warrior hits you with a +0 trident!
* * * LOW HITPOINT WARNING * * *
The steam dragon bites you but does no damage.
The steam dragon barely misses you.
Okay, then.
Okay, then.
You turn into a tree.
Your roots penetrate the ground.
The orc warrior hits you but does no damage.
The steam dragon bites you!
You die...

._._....#.
#.###.....≈...≈.
........# #.#
##.≈K...#...
.......# #.#
#((...≈...≈.
.⌠.⌠.. ..#
#.#.#.......
.....#
..##.......#.#..
##.##
###....≈...≈.....≈
.# #
#.#..#...#....≈...
#.#.#§#†#....§..
..≈ ..}..lo♣D.#
.#.. . #.#.#h#§#.#
..... .# #.#.#.##
...§§ # # ###..#
.#..§ ##...# #
.[.≈. ......##
##....#.# #...
.......##
#.......# ####.
........#8Y
#.##..#.# .>...
........#)8
#.....#... #####


You could see a basilisk, a steam dragon, an orc warrior and a hound.

Vanquished Creatures
  A two-headed ogre (D:7)
  Jeremiah (D:7)
  A vampire mosquito (D:7)
  Menkaure (D:6)
  An ice beast (D:5)
  3 sky beasts
  2 centaurs
  An ogre (D:6)
  A phantom (D:5)
  3 bullfrogs (D:6)
  A kobold brigand (D:7)
  A scorpion (D:5)
  3 wights (D:7)
  3 howler monkeys
  2 jellies
  3 hounds
  A gnoll bouda (D:7)
  An orc priest (D:4)
  2 iguanas (D:5)
  4 sleepcaps
  Natasha (twice) (D:2)
  2 orc wizards
  9 gnolls
  3 adders
  A shadow imp (D:7)
  A white imp (D:6)
  A worm (D:3)
  5 dart slugs
  5 orcs
  4 ball pythons
  4 endoplasms
  2 giant cockroaches (D:1)
  9 goblins
  2 hobgoblins (D:2)
  4 jackals (D:2)
  4 quokkas
  5 bats
  3 frilled lizards
  16 kobolds
  7 rats
125 creatures vanquished.

Notes
Turn   | Place    | Note
-------+----------+-------------------------------------------
     0 | D:1      | mandarbmax the Draconian Monk began the quest for the Orb.
     0 | D:1      | Reached XP level 1. HP: 19/19 MP: 1/1
    72 | D:1      | Reached XP level 2. HP: 18/26 MP: 2/2
   224 | D:1      | Reached skill level 4 in Fighting
   373 | D:1      | Reached XP level 3. HP: 31/33 MP: 3/3
   864 | D:2      | Found a shimmering altar of Xom.
   870 | D:2      | Noticed Natasha
   936 | D:2      | Killed Natasha
   937 | D:2      | Reached skill level 1 in Short Blades
  1314 | D:2      | Reached XP level 4. HP: 32/41 MP: 4/4
  1508 | D:2      | Noticed Natasha
  1519 | D:2      | Killed Natasha
  2305 | D:3      | Reached skill level 1 in Throwing
  2352 | D:3      | Reached XP level 5. HP: 47/47 MP: 5/5
  2475 | D:3      | Identified the +6 mace of the Messenger {flame, Int+2}
  2833 | D:4      | Reached skill level 1 in Long Blades
  3056 | D:4      | Found a staircase to the Ecumenical Temple.
  3061 | Temple   | Entered the Ecumenical Temple
  3098 | Temple   | Became a worshipper of Warmaster Okawaru
  3098 | Temple   | Reached * piety under Okawaru
  3098 | Temple   | Reached ** piety under Okawaru
  3339 | D:4      | Found a runed translucent gate.
  3339 | D:4      | Found a runed translucent gate.
  3340 | D:4      | Found a runed translucent gate.
  3342 | D:4      | Noticed justen's ghost (weakling MeSh)
  3590 | D:5      | Entered Level 5 of the Dungeon
  3590 | D:5      | Noticed a phantom
  3595 | D:5      | Killed a phantom
  3596 | D:5      | Reached skill level 5 in Fighting
  3596 | D:5      | Reached XP level 6. HP: 56/56 MP: 3/6
  3916 | D:5      | Found a large runed translucent door.
  3917 | D:5      | Found a large runed translucent door.
  3918 | D:5      | Noticed an ice beast
  3938 | D:5      | Killed an ice beast
  3939 | D:5      | Reached skill level 1 in Invocations
  3947 | D:5      | Your scales start taking on a rich purple colour.
  3947 | D:5      | Reached XP level 7. HP: 58/61 MP: 6/8
  3956 | D:5      | Identified the ring of Hyceddok {Fly rPois Slay+2}
  4496 | D:5      | Found a shadowy altar of Dithmenos.
  4505 | D:5      | Found a bloodstained altar of Trog.
  4633 | D:6      | Reached skill level 1 in Shapeshifting
  4704 | D:6      | Noticed Menkaure
  4709 | D:6      | Killed Menkaure
  4839 | D:6      | Reached XP level 8. HP: 61/70 MP: 9/9
  5058 | D:6      | Noticed Stellion's ghost (novice DECj)
  5111 | D:6      | Found a transporter.
  5114 | D:6      | Found a transporter.
  5115 | D:6      | Identified the ring "Wajos" {rElec rN+ Str+6}
  5345 | D:7      | Reached skill level 6 in Fighting
  5391 | D:7      | Reached *** piety under Okawaru
  5589 | D:7      | Reached skill level 5 in Dodging
  5592 | D:7      | Reached skill level 5 in Long Blades
  5678 | D:7      | Noticed a two-headed ogre
  5686 | D:7      | Killed a two-headed ogre
  5687 | D:7      | Reached XP level 9. HP: 58/78 MP: 11/11
  5783 | D:7      | Found an iron altar of Okawaru.
  5784 | D:7      | Found a bloodstained altar of Trog.
  5784 | D:7      | Found a shadowy altar of Dithmenos.
  5784 | D:7      | Found a white marble altar of Elyvilon.
  5810 | D:7      | Noticed Jeremiah
  5814 | D:7      | You are sucked into a shaft and drop 1 floor!
  5875 | D:7      | Noticed a manticore
  5980 | D:6      | Reached **** piety under Okawaru
  5980 | D:6      | Received a gift from Okawaru
  6202 | D:7      | Killed Jeremiah
  6274 | D:7      | Reached skill level 7 in Fighting
  6453 | D:7      | Slain by a steam dragon

Illustrated notes

Levels and vault maps discovered:
D:1:      dpeg_arrival_boxes_within_box, layout_loops_ring,
          chequers_serial_rivers_room_b
D:2:      minmay_wonky_spiral, layout_loops_corners, basic_altar, uniq_natasha
D:3:      layout_rooms
D:4:      layout_rooms, minmay_temple_entry_glassed_door,
          biasface_ghost_orc_armoury, nrook_loot_triangle
D:5:      layout_rooms, jmf_multi_god_temple2, kennysheep_generic_room_8
D:6:      layout_rooms, serial_glass, glass_columns_b, glass_columns_b,
          gammafunk_ghost_gnarly_gnolls, uniq_menkaure
D:7:      minmay_the_grid_octo_tiled_squarecenter [minmay_the_grid_octo_teeth,
          minmay_the_grid_octo_empty, minmay_the_grid_octo_concentric,
          minmay_the_grid_octo_shrine,
          minmay_the_grid_square_5x5_megaprize_crossed,
          minmay_the_grid_square_5x5_plus,
          minmay_the_grid_square_5x5_checkered_statues,
          minmay_the_grid_square_5x5_spiral,
          minmay_the_grid_square_5x5_gyroscope], layout_loops_corners,
          grunt_temple_overflow_open, grunt_ministairs_14, amethyst_killhole,
          nicolae_kite_square_tiling_tiny, minmay_a_box_with_orc_wizards_in_it,
          uniq_jeremiah
D:8:      layout_layer_cave, nicolae_evil_shop, uniq_prince_ribbit1,
          uniq_amaemon, uniq_maggie
Temple:   dpeg_five_rooms_temple

Skill      XL: |  1  2  3  4  5  6  7  8  9 |
---------------+----------------------------+-----
Dodging        | 3 4 5 |  5.6
Fighting       | 4 5 6 7 |  7.0
Short Blades   | 1 |  1.7
Throwing       | 1 2 3 4 |  4.2
Long Blades    | 2 3 4 5 6 |  6.4
Invocations    | 1 2 3 4 |  4.3
Shapeshifting  | 1 3 4 |  4.8
Polearms       | |  3.0

Action                     |  1- 3 |  4- 6 |  7- 9 || total
---------------------------+-------+-------+-------++-------
  Melee: Spear             |    40 |       |       ||    40
         Tailslap          |    15 |    26 |    37 ||    78
         Dagger            |    53 |       |       ||    53
         Short sword       |     7 |    80 |       ||    87
         Long sword        |       |    69 |   191 ||   260
  Throw: Dart              |       |    59 |    37 ||    96
 Invoke: Heroism           |       |     1 |     5 ||     6
Ability: Breathe Dispellin |       |       |     9 ||     9
  Evoke: Wand              |       |       |     1 ||     1
    Use: Scroll            |     1 |     3 |     4 ||     8
         Potion            |       |       |     4 ||     4
 Armour: Skin              |    24 |    33 |    83 ||   140
  Dodge: Dodged            |    53 |    93 |   209 ||   355

Table legend: (Time is in decaauts)
 A = Elapsed time spent in this place.
 B = Non-inter-level travel time spent in this place.
 C = Inter-level travel time spent in this place.
 D = Time resting spent in this place.
 E = Time spent auto-exploring this place.
 F = Levels seen in this place.
 G = Mean time per level.
                   A        B        C        D        E       F      G
               +--------+--------+--------+--------+--------+-----+--------+
         Total |   6488 |   6158 |    330 |    934 |   4029 |   9 |  720.9 |
       Dungeon |   6416 |   6156 |    260 |    934 |   4029 |   8 |  802.0 |
        Temple |     72 |      2 |     70 |      0 |      0 |   1 |   72.0 |
               +--------+--------+--------+--------+--------+-----+--------+

Top non-repeatable levels by time:
     D:2: 1415 daAuts
     D:6: 960 daAuts
     D:7: 957 daAuts
     D:1: 886 daAuts
     D:5: 832 daAuts
     D:4: 820 daAuts
     D:3: 537 daAuts
  Temple: 72 daAuts
     D:8: 5 daAuts
